 Dungeon Crawl Stone Soup version 0.31-a0-180-g519b7de00c (webtiles) character file.

Game seed: 14759886940858431792

1244 Midn8 the Basher (level 8, -12/74 HPs)
             Began as a Naga Cinder Acolyte on June 19, 2023.
             Was a High Priest of Ignis.
             Mangled by Edmund
             ... wielding a +2 heavy flail
              (15 damage)
             ... on level 6 of the Dungeon.
             The game lasted 00:15:31 (5456 turns).

Midn8 the Basher (Naga Cinder Acolyte)              Turns: 5456, Time: 00:15:32

Health: -12/74     AC: 12    Str: 19    XL:     8   Next: 50%
Magic:  0/12       EV:  9    Int: 16    God:    Ignis [*****.]
Gold:   352        SH:  0    Dex:  7    Spells: 11/13 levels left

rFire   + . .        r - +7 whip of a Hundred Lovers {protect, Str+2}
rCold   . . .        (no shield)
rNeg    . . .        b - +0 robe
rPois   +            p - +0 helmet
rElec   .            (no cloak)
rCorr   .            w - +0 pair of gloves
SInv    +            (no barding)
Will    +....        (no amulet)
Stlth   ++           (no ring)
HPRegen 0.32/turn    (no ring)
MPRegen 0.13/turn

%: no passive effects
@: under a protective aura, very slow
A: AC +2, large, see invisible, deformed body, poison resistance, slowness 2,
spit poison 1, naga tail 1
a: Spit Poison, Renounce Religion, Fiery Armour, Foxfire Swarm, Rising Flame


You were on level 6 of the Dungeon.
You worshipped Ignis.
Ignis was extremely pleased with you.
You visited 2 branches of the dungeon, and saw 7 of its levels.
You also visited: Sewer.

You collected 391 gold pieces.
You spent 39 gold pieces at shops.

Inventory:

Hand Weapons
 a - a -1 spear of flaming
 k - a +1 whip of venom
 r - the +7 whip of a Hundred Lovers (weapon) {protect, Str+2}
   (You found it on level 4 of the Dungeon)

   Str:       It affects your strength (+2).
Armour
 b - a +0 robe (worn)
 d - an orb of guile
 p - a +0 helmet (worn)
 w - a +0 pair of gloves (worn)
Jewellery
 v - a ring of ice
Wands
 s - a wand of iceblast (5)
Scrolls
 f - 2 scrolls of fear
 m - a scroll of vulnerability {unknown}
 n - 2 scrolls of revelation
 o - 2 scrolls of blinking
Potions
 c - a potion of invisibility {unknown}
 e - 2 potions of attraction
 g - a potion of mutation
 h - 2 potions of cancellation
 i - 6 potions of heal wounds
 j - 3 potions of lignification
 l - 5 potions of curing {unknown}
 q - a potion of ambrosia {unknown}
 t - a potion of degeneration {unknown}
 u - a potion of haste


   Skills:
 + Level 5.0 Fighting
 - Level 8.0 Maces & Flails
 - Level 3.0 Polearms
 - Level 4.0 Stealth
 - Level 3.0 Spellcasting
 - Level 3.0 Fire Magic


You had 11 spell levels left.
You knew the following spells:

 Your Spells              Type           Power      Damage    Failure   Level
a - Scorch                Fire           24%        2d6       9%          2

Your spell library contained the following spells:

 Spells                   Type           Power      Damage    Failure   Level
 Apportation              Tloc           4%         N/A       19%         1
 Kiss of Death            Conj/Necr      8%         2d6       19%         1
 Confusing Touch          Hex            2%         N/A       50%         3
 Dispel Undead            Necr           2%         3d7       88%         4
 Alistair's Intoxication  Tmut/Pois      1%         N/A       99%         5


Dungeon Overview and Level Annotations

Branches:
Dungeon (6/15)             Temple (1/1) D:5           Sewer (visited)

Altars:
Cheibriados
Dithmenos
Elyvilon
Fedhas
Gozag
Makhleb
Nemelex Xobeh
Okawaru
Qazlal
Ru
Sif Muna
Trog
Uskayaw
Wu Jian
Xom
Yredelemnul
Zin
The Shining One

Shops:
D:2 !

Annotations:
D:3 1 runed translucent door, OldManVictorn's ghost, amateur GnWn
D:6 Edmund


Innate Abilities, Weirdness & Mutations

Your serpentine skin is tough. (AC +2)
You have supernaturally acute eyesight. (SInv)
Armour fits poorly on your strangely shaped body.
Your system is resistant to poisons. (rPois)
You cover ground very slowly.
You can spit poison.
You have a snake-like lower body.


Message History

Casting: Scorch (safe; 9% risk of failure)
Confirm with . or Enter, or press ? or * to list all spells.
Flames lash Edmund but do no damage.
Edmund hits you with a +2 heavy flail!
Unknown command.
Casting: Scorch (safe; 9% risk of failure)
Confirm with . or Enter, or press ? or * to list all spells.
Flames lash Edmund.
Edmund is heavily wounded.
Edmund's fire resistance burns away.
Edmund hits you with a +2 heavy flail.
Unknown command.
Casting: Scorch (safe; 9% risk of failure)
Confirm with . or Enter, or press ? or * to list all spells.
Flames lash Edmund but do no damage.
Edmund hits you with a +2 heavy flail!
Unknown command.
Casting: Scorch (safe; 9% risk of failure)
Confirm with . or Enter, or press ? or * to list all spells.
You don't have enough magic to cast this spell.
You barely miss Edmund.
Edmund is heavily wounded.
Edmund hits you with a +2 heavy flail!
You hit Edmund but do no damage.
Edmund is heavily wounded.
Edmund hits you with a +2 heavy flail!!
* * * LOW HITPOINT WARNING * * *
You whack Edmund!
Edmund is severely wounded.
Edmund is no longer more vulnerable to fire.
Edmund barely misses you.
You barely miss Edmund.
Edmund is severely wounded.
You hit Edmund.
Edmund is severely wounded.
Edmund hits you with a +2 heavy flail!
* * * LOW HITPOINT WARNING * * *
Casting: Scorch (safe; 9% risk of failure)
Confirm with . or Enter, or press ? or * to list all spells.
Flames lash Edmund.
Edmund is almost dead.
Edmund's fire resistance burns away.
Edmund hits you with a +2 heavy flail!
You die...

#.....##.##.#.#
########......#
#.##.#.# #.##.#.#
.#....#.#######
...............
########..#######
................#
..#..[..@.....##
##)#.@.......#
###.######..#
#.......@~#....#
#..#.....~#....#
# #############


You could see Edmund (fast, combustible).

Vanquished Creatures
  Sigmund (D:6)
  A water moccasin (D:5)
  2 black bears
  An ogre (D:5)
  3 bullfrogs
  A scorpion (D:5)
  A howler monkey (D:5)
  An orc priest (D:5)
  A hound (D:5)
  2 jellies
  2 iguanas (D:5)
  Robin (D:3)
  7 adders
  3 river rats (D:3)
  A white imp (D:5)
  An ufetubus (D:5)
  4 worms
  2 dart slugs
  6 orcs (D:5)
  13 ball pythons
  12 endoplasms
  9 giant cockroaches (Sewer)
  14 goblins
  5 hobgoblins
  2 jackals (D:1)
  11 quokkas
  6 bats
  11 frilled lizards
  6 kobolds
  6 rats
  A butterfly (D:5)
137 creatures vanquished.

Notes
Turn   | Place    | Note
-------+----------+-------------------------------------------
     0 | D:1      | Midn8 the Naga Cinder Acolyte began the quest for the Orb.
     0 | D:1      | Reached XP level 1. HP: 21/21 MP: 2/2
   182 | D:1      | Reached XP level 2. HP: 28/28 MP: 4/4
   185 | D:1      | Learned a level 2 spell: Scorch
   810 | D:2      | Found a basalt altar of Yredelemnul.
   860 | D:2      | Found Amaiqee's Distillery.
   911 | D:2      | Bought a potion of lignification for 39 gold pieces
   951 | D:2      | Reached XP level 3. HP: 34/34 MP: 4/7
  1053 | D:2      | Found a faded altar of an unknown god.
  1562 | D:3      | Noticed Robin
  1620 | D:3      | Found a sparkling altar of Nemelex Xobeh.
  1679 | D:3      | Found a runed translucent door.
  1682 | D:3      | Noticed OldManVictorn's ghost (amateur GnWn)
  1733 | D:3      | Reached skill level 1 in Maces & Flails
  1950 | D:3      | Reached XP level 4. HP: 39/42 MP: 5/8
  1960 | D:3      | Killed Robin
  1961 | D:3      | Reached skill level 2 in Maces & Flails
  2001 | D:3      | Found a glowing drain.
  2008 | D:3      | Reached skill level 3 in Maces & Flails
  2035 | Sewer    | Entered a sewer
  2038 | Sewer    | Reached XP level 5. HP: 46/49 MP: 9/9
  2753 | Sewer    | Reached skill level 4 in Maces & Flails
  2753 | Sewer    | Reached XP level 6. HP: 55/56 MP: 2/10
  3521 | D:4      | Reached skill level 5 in Maces & Flails
  3792 | D:4      | Reached XP level 7. HP: 62/62 MP: 2/11
  3910 | D:4      | Identified the +7 whip of a Hundred Lovers {protect, Str+2}
  4175 | D:5      | Entered Level 5 of the Dungeon
  4237 | D:5      | Reached skill level 6 in Maces & Flails
  4449 | D:5      | Reached skill level 5 in Fighting
  4708 | D:5      | Found a staircase to the Ecumenical Temple.
  4752 | D:5      | Reached XP level 8. HP: 67/74 MP: 12/12
  4759 | Temple   | Entered the Ecumenical Temple
  5284 | D:6      | Found a bloodstained altar of Trog.
  5296 | D:5      | Reached skill level 7 in Maces & Flails
  5334 | D:6      | Identified the +2 hand axe of Nemelex Xobeh's Hope {spect,
                  | Fragile Int+4}
  5429 | D:6      | Noticed Sigmund
  5430 | D:6      | Noticed Edmund
  5437 | D:6      | Killed Sigmund
  5438 | D:6      | Reached skill level 8 in Maces & Flails
  5455 | D:6      | HP: 3/74 [Edmund/+2 heavy flail (12)]
  5456 | D:6      | Mangled by Edmund

Illustrated notes

Levels and vault maps discovered:
D:1:      pf_arrival_petrified_forest, layout_loops_ring, minivault_19,
          hangedman_abyss_or_decor_lesser_grid
D:2:      layout_basic, basic_ecumenical_altar, serial_shops, shop, basic_altar,
          serial_bayou_pond_b
D:3:      layout_basic, mainiacjoe_overflow_cross_hatched,
          ebering_ghost_sewer_d, lightli_sewer_entry_pipes, item_on_display_a,
          uniq_robin
D:4:      layout_loops_cross
D:5:      layout_loops_ring, minmay_temple_entry_butterflies
D:6:      minmay_evil_eye, layout_loops_cross, trog_ov_bears_minmay,
          mainiacjoe_overflow_boulevard, kennysheep_small_spiral,
          sigmund_edmund_badplayer, uniq_grinder, uniq_prince_ribbit1,
          uniq_maggie
Temple:   nicolae_temple_no_exploring_needed

Skill      XL: |  1  2  3  4  5  6  7  8 |
---------------+-------------------------+-----
Spellcasting   | 2 3 |  3.0
Maces & Flails | 1 3 4 5 6 8 |  8.0
Stealth        | 3 4 |  4.0
Fighting       | 5 |  5.0
Polearms       | |  3.0
Fire Magic     | |  3.0

Action                     |  1- 3 |  4- 6 |  7- 9 || total
---------------------------+-------+-------+-------++-------
  Melee: Spear             |    19 |       |       ||    19
         Whip              |    52 |    93 |    84 ||   229
         Punch             |       |     1 |     1 ||     2
   Cast: Scorch            |    17 |    37 |    22 ||    76
 Invoke: Fiery Armour      |       |     2 |       ||     2
Ability: Spit Poison       |    13 |    10 |    10 ||    33
    Use: Scroll            |     6 |       |     3 ||     9
   Stab: Sleeping          |       |     1 |     1 ||     2
 Armour: Robe              |    16 |    23 |    30 ||    69
  Dodge: Dodged            |    35 |    43 |    28 ||   106

Table legend: (Time is in decaauts)
 A = Elapsed time spent in this place.
 B = Non-inter-level travel time spent in this place.
 C = Inter-level travel time spent in this place.
 D = Time resting spent in this place.
 E = Time spent auto-exploring this place.
 F = Levels seen in this place.
 G = Mean time per level.
                   A        B        C        D        E       F      G
               +--------+--------+--------+--------+--------+-----+--------+
         Total |   6789 |   6449 |    340 |   1516 |   3550 |   8 |  848.6 |
       Dungeon |   5881 |   5541 |    340 |    937 |   3550 |   6 |  980.2 |
        Temple |     10 |     10 |      0 |      9 |      0 |   1 |   10.0 |
         Sewer |    897 |    897 |      0 |    570 |      0 |   1 |  897.0 |
               +--------+--------+--------+--------+--------+-----+--------+

Top non-repeatable levels by time:
     D:5: 1331 daAuts
     D:3: 1237 daAuts
     D:2: 1069 daAuts
     D:4: 1031 daAuts
     D:1: 982 daAuts
   Sewer: 897 daAuts
     D:6: 228 daAuts
  Temple: 10 daAuts
